 Dungeon Crawl Stone Soup version 0.29.1-1-gd02db6906a (webtiles) character file.

Game seed: 13618810200002603952

60 ImASeal the Trooper (level 3, 0/36 HPs)
             Began as a Minotaur Hunter on Oct 18, 2022.
             Slain by Grinder (2 damage)
             ... on level 3 of the Dungeon.
             The game lasted 00:03:06 (1298 turns).

ImASeal the Trooper (Minotaur Hunter)               Turns: 1298, Time: 00:03:07

Health: 0/36       AC:  3    Str: 15    XL:     3   Next: 82%
Magic:  2/2        EV: 12    Int:  6    God:
Gold:   195        SH:  0    Dex: 21    Spells: 2/2 levels left

rFire   . . .      SeeInvis .   m - +0 sling (flame)
rCold   . . .      Faith    .   (no shield)
rNeg    . . .      Spirit   .   c - +0 leather armour
rPois   .          Reflect  .   (helmet restricted)
rElec   .          Harm     .   (no cloak)
rCorr   .          Rampage  .   (no gloves)
Will    .....                   (no boots)
Stlth   ++........              (no amulet)
HPRegen 0.12/turn               k - +6 ring of dexterity
MPRegen 0.08/turn               (no ring)

@: brilliant, about to teleport
A: horns 2, retaliatory headbutt
a: no special abilities


You were on level 3 of the Dungeon.
You visited 1 branch of the dungeon, and saw 3 of its levels.

You collected 195 gold pieces.

Inventory:

Hand Weapons
 a - a +0 shortbow
 m - a +0 sling of flaming (weapon)
Missiles
 d - 6 boomerangs
Armour
 c - a +0 leather armour (worn)
Jewellery
 k - a +6 ring of dexterity (left hand)
Scrolls
 b - a scroll of immolation
 e - a scroll of poison {unknown}
 h - 2 scrolls of identify
 i - 2 scrolls of teleportation
 l - a scroll of noise {unknown}
Potions
 g - a potion of lignification {unknown}
 j - a potion of degeneration {unknown}
 n - a potion of attraction {unknown}
 o - a potion of haste {unknown}


   Skills:
 + Level 5.1 Fighting
 - Level 4.3 Ranged Weapons
 - Level 2.1 Dodging
 - Level 0.7 Stealth


You had 2 spell levels left.
You didn't know any spells.
Your spell library contained the following spells:

 Spells                   Type           Power      Damage    Failure   Level
 Ensorcelled Hibernation  Hex/Ice        0%         N/A       67%         2
 Spider Form              Tmut/Pois      0%         N/A       88%         3
 Summon Guardian Golem    Hex/Summ       0%         N/A       88%         3
 Anguish                  Hex/Necr       0%         N/A       99%         4
 Orb of Destruction       Conj           0%         9d5       100%        7
 Spellforged Servitor     Conj/Summ      0%         N/A       100%        7


Dungeon Overview and Level Annotations

Branches:
Dungeon (3/15)

Altars:

Shops:
D:1 (

Annotations:
D:3 Grinder


Innate Abilities, Weirdness & Mutations

You have a pair of horns on your head.
You reflexively headbutt those who attack you in melee.


Message History

There is a stone staircase leading up here.
Grinder comes into view.
Grinder shouts!
Grinder blinks!
You shoot a sling bullet. The sling bullet hits Grinder.
The sling bullet burns Grinder.
Grinder is lightly wounded.
You shoot a sling bullet. The sling bullet barely misses Grinder.
Grinder gestures at you. Pain shoots through your body!
You shoot a sling bullet. The sling bullet hits Grinder!
The sling bullet burns Grinder.
Grinder is moderately wounded.
You shoot a sling bullet.
The sling bullet closely misses Grinder.
You shoot a sling bullet.
The sling bullet closely misses Grinder.
Grinder hits you.
You writhe in agony.
You shoot a sling bullet. The sling bullet barely misses Grinder.
Grinder closely misses you.
You shoot a sling bullet. The sling bullet barely misses Grinder.
Grinder hits you!
You writhe in agony.
You are too injured to fight recklessly!
Okay, then.
As you read the scroll labelled VELIGO COMI, it crumbles to dust.
It is a scroll of identify.
i - 3 scrolls of teleportation Grinder hits you.
* * * LOW HITPOINT WARNING * * *
You writhe in agony.
* * * LOW HITPOINT WARNING * * *
As you read the scroll of teleportation, it crumbles to dust.
You feel strangely unstable. Grinder hits you.
* * * LOW HITPOINT WARNING * * *
You writhe in agony.
* * * LOW HITPOINT WARNING * * *
It was a potion of brilliance.
You feel clever all of a sudden. Grinder hits you.
You die...

#...#.#.#.......#
#..##.#.#######.#
#.....#.# #.#
#...###.# #.#
#.......# #.#
#..############.#
##...............#
#....#############
#.#@...# #.#5##.#
#+#.# .# ..# #
...# .... ###.#
#.#


You could see Grinder.

Vanquished Creatures
  2 adders (D:2)
  4 ball pythons
  3 bats
  2 endoplasms
  2 giant cockroaches (D:2)
  7 goblins
  2 hobgoblins (D:1)
  3 jackals (D:1)
  3 quokkas (D:1)
  6 frilled lizards
  3 kobolds (D:1)
  A rat (D:1)
38 creatures vanquished.

Notes
Turn   | Place    | Note
-------+----------+-------------------------------------------
     0 | D:1      | ImASeal the Minotaur Hunter began the quest for the Orb.
     0 | D:1      | Reached XP level 1. HP: 18/18 MP: 0/0
    50 | D:1      | Reached skill level 3 in Fighting
   193 | D:1      | Found a faded altar of an unknown god.
   208 | D:1      | Reached XP level 2. HP: 26/26 MP: 1/1
   328 | D:1      | Found Iphit's Weapon Emporium.
   339 | D:1      | Reached skill level 4 in Fighting
   628 | D:1      | Reached XP level 3. HP: 33/33 MP: 2/2
  1032 | D:2      | Reached skill level 5 in Fighting
  1288 | D:3      | Noticed Grinder
  1298 | D:3      | Slain by Grinder

Illustrated notes

Levels and vault maps discovered:
D:1:      lemuel_arrival_room, layout_basic, serial_shops,
          nicolae_shop_bloodbath_and_beyond, basic_ecumenical_altar,
          minmay_misc_feat_x
D:2:      layout_basic, minmay_misc_feat_enclosed
D:3:      layout_basic, serial_shops, nicolae_square_shop, uniq_sigmund,
          uniq_robin, uniq_grinder

Skill      XL: |  1  2  3 |
---------------+----------+-----
Fighting       | 3 4 5 |  5.1
Ranged Weapons | |  4.3
Dodging        | |  2.1
Stealth        | |  0.7

Action                   || total
-------------------------++-------
 Fire: Shortbow          ||    79
       Sling             ||    11
  Use: Scroll            ||     2
       Potion            ||     1
Armor: Leather armour    ||    17
Dodge: Dodged            ||    34
